 Dungeon Crawl Stone Soup version 0.21.1-1-g345015f (webtiles) character file.

69 inc the Conjurer (level 4, 18/18 HPs)
             Began as a Felid Wizard on Feb 28, 2018.
             Quit the game on level 3 of the Dungeon.
             The game lasted 00:05:07 (2499 turns).

inc the Conjurer (Felid Wizard)                     Turns: 2499, Time: 00:05:07

Health: 18/18      AC:  1    Str:  3    XL:     4   Next: 2%
Magic:  10/10      EV: 17    Int: 21    God:
Gold:   33         SH:  0    Dex: 14    Spells: 8/9 levels left
                                        Lives:  0   Deaths: 1

rFire    . . .     SeeInvis +   (weapon unavailable)
rCold    + . .     Gourm    .   (shield unavailable)
rNeg     . . .     Faith    .   (armour unavailable)
rPois    .         Spirit   .   (helmet unavailable)
rElec    .         Reflect  .   (cloak unavailable)
rCorr    .         Harm     .   (gloves unavailable)
MR       .....                  (boots unavailable)
Stlth    ++........             (no amulet)
HPRegen  0.06/turn              j - ring of protection from cold
MPRegen  0.12/turn              m - ring of loudness (curse)

@: quick
A: very small, no armour, no weapons or thrown items, stealth, claws 1, fangs 3,
see invisible, carnivore, speed 1, shaggy fur 1, slow metabolism 1, sharp paws
a: no special abilities


You were on level 3 of the Dungeon.
You were not hungry.

You visited 1 branch of the dungeon, and saw 3 of its levels.

You collected 33 gold pieces.

Inventory:

Jewellery
 j - a ring of protection from cold (left paw)
 m - a cursed ring of loudness (right paw)
Scrolls
 c - 3 scrolls of noise {unknown}
 e - a scroll of identify
 g - a scroll of teleportation
Potions
 d - 3 potions of haste
 k - 2 potions of heal wounds
 n - a potion of invisibility
Books
 a - a book of Minor Magic

   Spells                             Type                      Level
   a - Magic Dart                     Conjuration                  1
   b - Blink                          Translocation                2
   c - Call Imp                       Summoning                    2
   d - Slow                           Hexes                        2
   e - Conjure Flame                  Conjuration/Fire             3
   f - Mephitic Cloud                 Conjuration/Poison/Air       3
Comestibles
 b - 5 rations


   Skills:
 - Level 2.6 Dodging
 - Level 2.6 Stealth
 + Level 3.3 Spellcasting
 - Level 4.1 Conjurations
   Level 1.0 Summonings
   Level 1.5 Translocations


You had 8 spell levels left.
You knew the following spells:

 Your Spells              Type           Power        Failure   Level  Hunger
a - Magic Dart            Conj           ###.         2%          1    None


Dungeon Overview and Level Annotations

Branches:
Dungeon (3/15)

Altars:

Annotations:
D:2 1 runed door


Innate Abilities, Weirdness & Mutations

You cannot wear armour.
You are incapable of wielding weapons or throwing items.
Your paws allow you to move quietly. (Stealth)
You have sharp claws.
You have razor-sharp teeth.
You have supernaturally acute eyesight. (SInv)
You are carnivorous and can eat meat at any time.
You cover ground quickly.
You are covered in fur. (AC +1)
You have a slow metabolism.
Your sharp claws are effective at attacking unaware monsters.


Message History

Confirm with . or Enter, or press ? or * to list all spells.
Aiming: Magic Dart
Press: ? - help, Shift-Dir - straight line, f/p - orc priest
Aim: an orc priest, wielding a short sword of freezing and wearing a leather armour (heavily wounded)
The magic dart hits the orc priest.
The orc priest is almost dead.
Casting: Magic Dart
Confirm with . or Enter, or press ? or * to list all spells.
Aiming: Magic Dart
Press: ? - help, Shift-Dir - straight line, f/p - orc priest
Aim: an orc priest, wielding a short sword of freezing and wearing a leather armour (almost dead)
The magic dart hits the orc priest.
The orc priest is almost dead.
The orc priest calls down the wrath of Beogh upon you.
Beogh smites you!
Ouch! That really hurt!
You die...
You are now level 4!
You rejoin the land of the living...
Are you sure you want to abandon this character and quit the game? (Confirm with "yes".)

###### #....# #
#....# # #....# .#
#######.@..# .
##.)........# #
#..#........#
########.##.###....#
............# #....#
#######...### #....#
..# #g[### ######
..####o## ...#.o.#


There were no monsters in sight!

Vanquished Creatures
  Jessica (D:2)
  An orc wizard (D:3)
  4 adders (D:2)
  An ooze (D:2)
  A worm (D:2)
  A leopard gecko (D:2)
  An orc (D:2)
  6 giant cockroaches
  7 goblins
  6 hobgoblins
  6 bats
  A frilled lizard (D:2)
  5 kobolds
  5 rats
46 creatures vanquished.

Notes
Turn   | Place    | Note
-------+----------+-------------------------------------------
     0 | D:1      | inc the Felid Wizard began the quest for the Orb.
     0 | D:1      | Reached XP level 1. HP: 7/7 MP: 5/5
     6 | D:1      | Reached skill level 1 in Conjurations
   356 | D:1      | Reached XP level 2. HP: 10/11 MP: 0/7
   469 | D:2      | Reached skill level 2 in Conjurations
   608 | D:2      | Reached XP level 3. HP: 14/14 MP: 1/8
   788 | D:2      | Reached skill level 3 in Conjurations
   820 | D:2      | Noticed Jessica
   839 | D:2      | Killed Jessica
   924 | D:1      | Reached XP level 4. HP: 18/18 MP: 6/9
  1618 | D:2      | Reached skill level 4 in Conjurations
  1996 | D:2      | Found a runed door.
  2470 | D:3      | Reached XP level 5. HP: 19/21 MP: 3/11
  2498 | D:3      | Killed from afar by an orc priest
  2499 | D:3      | Reached XP level 4. HP: -6/18 MP: 0/10
  2499 | D:3      | Quit the game

Skill      XL: |  1  2  3  4 |
---------------+-------------+-----
Conjurations   | 1 2 3 4 |  4.1
Dodging        | |  2.6
Stealth        | |  2.6
Spellcasting   | |  3.3
Summonings     | |  1.0
Translocations | |  1.5

Action                   |  1- 3 |  4- 6 || total
-------------------------+-------+-------++-------
Melee: Unarmed           |     6 |       ||     6
 Cast: Magic Dart        |    57 |    81 ||   138
  Use: Scroll            |       |     9 ||     9
  Eat: Chunk             |     7 |     2 ||     9
Armor: Skin              |     5 |     2 ||     7
Dodge: Dodged            |    43 |    12 ||    55
